 Dungeon Crawl Stone Soup version 0.29.0-10-g45618ea6d2 (webtiles) character file.

Game seed: 8209475928414245413

12 Flugkiller the Trooper (level 2, 27/27 HPs)
             Began as a Minotaur Fighter on Sept 1, 2022.
             Was a Follower of Wu Jian.
             Quit the game on level 1 of the Dungeon.
             The game lasted 00:00:19 (219 turns).

Flugkiller the Trooper (Minotaur Fighter)            Turns: 219, Time: 00:00:19

Health: 27/27      AC:  7    Str: 20    XL:     2   Next: 20%
Magic:  1/1        EV:  9    Int:  5    God:    Wu Jian [*.....]
Gold:   9          SH:  4    Dex:  9    Spells: 1/1 levels left

rFire   . . .      SeeInvis .   a - +0 war axe
rCold   . . .      Faith    .   c - +0 buckler
rNeg    . . .      Spirit   .   b - +0 scale mail
rPois   .          Reflect  .   (helmet restricted)
rElec   .          Harm     .   (no cloak)
rCorr   .          Rampage  .   (no gloves)
Will    .....                   (no boots)
Stlth   ..........              (no amulet)
HPRegen 0.09/turn               (no ring)
MPRegen 0.07/turn               (no ring)

@: no status effects
A: horns 2, retaliatory headbutt
a: Renounce Religion


You were on level 1 of the Dungeon.
You worshipped Wu Jian.
Wu Jian was aware of your devotion.
You visited 1 branch of the dungeon, and saw 1 of its levels.

You collected 9 gold pieces.

Inventory:

Hand Weapons
 a - a +0 war axe (weapon)
Armour
 b - a +0 scale mail (worn)
 c - a +0 buckler (worn)
Scrolls
 e - a scroll of immolation {unknown}
Potions
 d - a potion of might


   Skills:
 + Level 3.8 Fighting
 * Level 3.1 Axes
 + Level 3.8 Armour
 - Level 3.6 Shields


You had one spell level left.
You didn't know any spells.
Your spell library was empty.

Dungeon Overview and Level Annotations

Branches:
Dungeon (1/15)

Altars:
Wu Jian


Innate Abilities, Weirdness & Mutations

You have a pair of horns on your head.
You reflexively headbutt those who attack you in melee.


Message History

No target in view!
No target in view!
You see here a rat corpse.
A kobold comes into view. It is wielding a +0 short sword.
The kobold shouts!
You hear an angry hiss.
A frilled lizard comes into view.
There are monsters nearby!
There are monsters nearby!
The kobold closely misses you. You furiously retaliate!
You headbutt the kobold.
You kill the kobold!
You have reached level 2!
Things that are here:
a +0 short sword; 5 stones You slash the frilled lizard!
You kill the frilled lizard!
A dart slug comes into view.
Your Axes skill increases to level 3!
The dart slug launches a dart at you. The slug dart hits you.
The dart slug launches a dart at you. You block the slug dart.
You hit the dart slug but do no damage. The dart slug launches a dart at you.
The slug dart misses you.
You slash the dart slug!
You kill the dart slug!
You see here a dart slug corpse.
No target in view!
You see here a dart slug corpse.
HP restored.
Things that are here:
a +0 short sword; 5 stones
Found an escape hatch in the floor.
You hit the fungus.
The fungus begins to die.
You headbutt the fungus.
The fungus is lightly damaged.
You hit the fungus.
The fungus is lightly damaged.
You hit the fungus but do no damage.
The fungus is lightly damaged.
You hit the fungus.
The fungus is lightly damaged.
A nearby fungus withers and dies.
You hit the fungus.
The fungus begins to die.
You headbutt the fungus.
The fungus is lightly damaged.
You hit the fungus but do no damage. You hit the plant.
The plant begins to die.
You slash the fungus!
The fungus is lightly damaged.
You hit the fungus.
The fungus begins to die.
You hit the plant. You slash the fungus!
The fungus is lightly damaged.
You hit the fungus but do no damage. You hit the plant.
A nearby plant withers and dies.
A nearby fungus withers and dies.
A nearby fungus withers and dies.
You hit the fungus but do no damage.
You headbutt the fungus, but do no damage.
You hit the fungus.
The fungus begins to die.
You hit the fungus but do no damage. x2
You slash the fungus!
The fungus begins to die.
The fungus is lightly damaged.
You completely miss the fungus.
A nearby fungus withers and dies.
You hit the fungus.
The fungus is lightly damaged.
You hit the fungus. You headbutt the fungus!
The fungus is lightly damaged.
A nearby fungus withers and dies.
Found a faded altar of an unknown god.
A frilled lizard comes into view.
The frilled lizard barely misses you.
You completely miss the frilled lizard. You hit the fungus.
The fungus begins to die.
You block the frilled lizard's attack.
You hit the frilled lizard.
You kill the frilled lizard!
You slash the fungus!
No target in view!
No target in view!
No target in view!
No target in view!
No target in view!
No target in view!
No target in view!
You hit the fungus.
The fungus begins to die.
The fungus is lightly damaged.
You slash the fungus!
The fungus is lightly damaged.
You slash the fungus!
The fungus is lightly damaged.
You hit the fungus.
The fungus is lightly damaged.
A nearby fungus withers and dies.
There is a faded altar of an unknown god here.
You cannot tell which god this altar belongs to.
Convert to them anyway? [Y]es or [N]o only, please.
You cannot tell which god this altar belongs to.
Convert to them anyway?
Wu Jian accepts your prayer! The Council welcomes you!
You can now perform damaging attacks by moving towards foes.
You can now lightly attack monsters by moving around them.
Are you sure you want to abandon this character and quit the game? (Confirm with "yes".)

###.### ..... ...... ... .... ...
###.###.### #..†......#
#.#.#.#P#P#. #..P......#.#
###.###.###.# #.#P...@....#.# #.
# #.###.###P###.# #. #
#.#......P..#.###### #.
##########.#.#.#.#.#P#......# #.
..)......#.#......P..#..†...# #.
###..⌠†..#.###.###P###.####.# #.
....#.#....#.........#..###.#####
###.†.....................#...)..
#.#†##.####.#.#.##.#...........


There were no monsters in sight!

Vanquished Creatures
  A dart slug (D:1)
  A giant cockroach (D:1)
  A hobgoblin (D:1)
  2 jackals (D:1)
  2 frilled lizards (D:1)
  A kobold (D:1)
  3 rats (D:1)
11 creatures vanquished.

Vanquished Creatures (others)
  7 fungi (D:1)
  A plant (D:1)
8 creatures vanquished.

Grand Total: 19 creatures vanquished

Notes
Turn   | Place    | Note
-------+----------+-------------------------------------------
     0 | D:1      | Flugkiller the Minotaur Fighter began the quest for the
                  | Orb.
     0 | D:1      | Reached XP level 1. HP: 19/19 MP: 0/0
   149 | D:1      | Reached XP level 2. HP: 27/27 MP: 1/1
   199 | D:1      | Found a faded altar of an unknown god.
   218 | D:1      | Prayed at the altar of an unknown god.
   218 | D:1      | Became a worshipper of the Wu Jian Council
   218 | D:1      | Reached * piety under Wu Jian
   219 | D:1      | Quit the game

Illustrated notes

Levels and vault maps discovered:
D:1:      nicolae_arrival_washed_ashore, layout_loops_ring,
          shapermc_ecumenical_altar_mp_urbaneastern, serial_co_window_serial,
          co_window_corner_a, co_window_paths_b, co_window_paths_b,
          co_window_paths_a, co_window_of_opportunity_a, co_window_paths_a,
          co_window_paths_b, co_window_broadway_c, co_window_corner_cb,
          co_window_2corner, glass_columns_b, hangedman_feature_mirror

Skill      XL: |  1  2 |
---------------+-------+-----
Axes           | 3 |  3.1
Fighting       | |  3.8
Armour         | |  3.8
Shields        | |  3.6

Action                   || total
-------------------------++-------
Melee: War axe           ||    41
       Headbutt          ||     6
Armor: Scale mail        ||     9
Dodge: Dodged            ||    13
Block: Buckler           ||     6
